 Dungeon Crawl Stone Soup version 0.31.0-12-g77e489cdc1 (webtiles) character file.

Game seed: 2718320376483448215

49 Silvore the Trooper (level 3, -4/29 HPs)
             Began as a Demonspawn Fighter on Feb 12, 2024.
             Slain by an ufetubus (5 damage)
             ... on level 3 of the Dungeon.
             The game lasted 00:02:22 (1390 turns).

Silvore the Trooper (Demonspawn Fighter)            Turns: 1390, Time: 00:02:23

Health: -4/29      AC:  0    Str: 18    XL:     3   Next: 51%
Magic:  3/3        EV: 11    Int:  8    God:
Gold:   81         SH:  0    Dex: 12    Spells: 2/2 levels left

rFire   . . .        a - +0 long sword
rCold   . . .        (no shield)
rNeg    . . .        (no body armour)
rPois   .            (no helmet)
rElec   .            (no cloak)
rCorr   .            (no gloves)
SInv    .            (no boots)
Will    .....        (no amulet)
Stlth   +            (no ring)
HPRegen 0.24/turn    (no ring)
MPRegen 0.16/turn

%: no passive effects
@: no status effects
A: foul stench 1, magic regeneration
a: no special abilities


You were on level 3 of the Dungeon.
You visited 1 branch of the dungeon, and saw 3 of its levels.

You collected 81 gold pieces.

Inventory:

Hand Weapons
 a - a +0 long sword (weapon)
Armour
 b - a +0 scale mail
 c - a +0 buckler
 f - a +2 cloak
Potions
 d - a potion of might
 g - a potion of cancellation
 i - a potion of enlightenment
 j - a potion of heal wounds {unknown}


   Skills:
 + Level 3.2 Fighting
 + Level 2.2 Long Blades
 + Level 3.2 Armour
 + Level 1.1 Dodging
 + Level 2.9 Shields


You had 2 spell levels left.
You didn't know any spells.
Your spell library contained the following spells:

 Spells                   Type           Power      Damage    Failure   Level
 Necrotise                Necr           0%         1d4       41%         1
 Sandblast                Erth           0%         2d4       41%         1
 Sublimation of Blood     Necr           0%         N/A       54%         2
 Call Canine Familiar     Summ           0%         N/A       78%         3
 Passwall                 Erth           0%         N/A       78%         3
 Sigil of Binding         Hex            0%         N/A       78%         3
 Stone Arrow              Conj/Erth      0%         3d7       78%         3
 Vampiric Draining        Necr           0%         2d6       78%         3
 Brom's Barrelling Bould  Conj/Erth      0%         2d3       99%         4
 Dimensional Bullseye     Hex/Tloc       0%         N/A       99%         4
 Martyr's Knell           Necr/Summ      0%         N/A       99%         4
 Petrify                  Alch/Erth      0%         N/A       99%         4
 Curse of Agony           Necr           0%         N/A       100%        5
 Irradiate                Conj/Alch      0%         3d11      100%        5


Dungeon Overview and Level Annotations

Branches:
Dungeon (3/15)

Altars:

Shops:
D:2 =


Innate Abilities, Weirdness & Mutations

You may rarely emit foul miasma when damaged in melee.
You regenerate magic rapidly.


Message History

a +0 short sword; 4 stones
Found a dagger.
Found an escape hatch in the ceiling.
The giant cockroach attacks as it pursues you!
The giant cockroach barely misses you. x2
A giant cockroach is nearby!
The giant cockroach attacks as it pursues you!
The giant cockroach bites you. The giant cockroach bites you.
The giant cockroach attacks as it pursues you!
The giant cockroach bites you. The giant cockroach closely misses you.
The giant cockroach completely misses you.
The giant cockroach attacks as it pursues you!
The giant cockroach barely misses you.
The giant cockroach attacks as it pursues you!
The giant cockroach bites you. The giant cockroach bites you.
You emit a cloud of foul miasma!
The giant cockroach is engulfed in dark miasma.
The giant cockroach is poisoned.
You kill the giant cockroach!
Found 6 gold pieces.
Found a smoky red potion.
An ufetubus comes into view.
The ufetubus shouts!
An ufetubus comes into view.
Found a stone staircase leading down.
Found 17 gold pieces.
The ufetubus barely misses you. The ufetubus hits you.
The ufetubus closely misses you. The ufetubus hits you. x2
The ufetubus barely misses you.
You closely miss the ufetubus. The ufetubus hits you.
The ufetubus barely misses you. The ufetubus slips past you!
The ufetubus barely misses you. x2; The ufetubus slips past you!
The ufetubus hits you.
* * * LOW HITPOINT WARNING * * *
The ufetubus hits you.
* * * LOW HITPOINT WARNING * * *
The ufetubus hits you.
* * * LOW HITPOINT WARNING * * *
The ufetubus hits you.
You die...

..............#...
...........##.#.#
...........#....
...........#..#.#
########...#!.#..
#####......#
............#
######$..55.#
........@..#
#######....#
......# .....#..#
...$......#
..........#
......###>. ####..
##.


You could see 2 ufetubi.

Vanquished Creatures
  An adder (D:2)
  A ribbon worm (D:2)
  A dart slug (D:1)
  5 bats
  A giant cockroach (D:3)
  3 goblins
  3 hobgoblins
  4 jackals (D:1)
  2 quokkas
  A ball python (D:2)
  6 kobolds
  A quokka skeleton (D:2)
  A rat (D:2)
30 creatures vanquished.

Notes
Turn   | Place    | Note
-------+----------+-------------------------------------------
     0 | D:1      | Silvore the Demonspawn Fighter began the quest for the Orb.
     0 | D:1      | Reached XP level 1. HP: 18/18 MP: 1/1
   342 | D:1      | Gained mutation: You regenerate magic rapidly. [demonic
                  | ancestry]
   342 | D:1      | Reached XP level 2. HP: 20/24 MP: 2/2
   370 | D:1      | Noticed a glass eye
   372 | D:1      | Found a faded altar of an unknown god.
   374 | D:1      | Noticed a great orb of eyes
   374 | D:1      | Noticed a golden eye
   374 | D:1      | Noticed a shining eye
   822 | D:2      | Found Ivofun's Jewellery Shop.
   865 | D:2      | Gained mutation: You may rarely emit foul miasma when
                  | damaged in melee. [demonic ancestry]
   865 | D:2      | Reached XP level 3. HP: 29/29 MP: 3/3
   868 | D:2      | Reached skill level 1 in Dodging
  1390 | D:3      | HP: 1/29 [ufetubus (3)]
  1390 | D:3      | Slain by an ufetubus

Illustrated notes

Levels and vault maps discovered:
D:1:      mrwooster_arrival_statue_3, layout_basic,
          hellmonk_ecumenical_altar_watching_god
D:2:      layout_basic, serial_undead, serial_undead_d, serial_undead_e,
          serial_undead_c, serial_undead_b, serial_shops, shop
D:3:      layout_basic, nicolae_uskayaw_suspiria,
          wander_ebering_terrifying_dragon_lair

Skill      XL: |  1  2  3 |
---------------+----------+-----
Long Blades    | 2 |  2.2
Armour         | 3 |  3.2
Dodging        | 1 |  1.1
Fighting       | |  3.2
Shields        | |  2.9

Action                     || total
---------------------------++-------
  Melee: Long sword        ||    89
    Use: Scroll            ||     3
 Armour: Scale mail        ||   267
         Skin              ||    13
  Dodge: Dodged            ||   203
  Block: Buckler           ||    76
